 Dungeon Crawl Stone Soup version 0.29-a0-504-gec6baf379c (webtiles) character file.

Game seed: 9629740604666206672

50 Morbidden the Vexing (level 3, 25/25 HPs)
             Began as a Vampire Enchanter on May 28, 2022.
             Was a Follower of Trog.
             Quit the game on level 2 of the Dungeon.
             The game lasted 00:01:49 (1582 turns).

Morbidden the Vexing (Vampire Enchanter)            Turns: 1582, Time: 00:01:49

Health: 25/25      AC:  3    Str:  7    XL:     3   Next: 55%
Magic:  6/6        EV: 12    Int: 19    God:    Trog [*.....]
Gold:   89         SH:  0    Dex: 14    Spells: 4/6 levels left

rFire   + . .      SeeInvis +   a - +1 dagger
rCold   . . .      Faith    .   (no shield)
rNeg    . . .      Spirit   .   b - +0 robe
rPois   .          Reflect  .   (no helmet)
rElec   .          Harm     .   n - +0 cloak of Ydilal {rF+ Stlth+}
rCorr   .          Rampage  .   (no gloves)
Will    .....                   (no boots)
Stlth   ++++......              (no amulet)
HPRegen 0.28/turn               (no ring)
MPRegen 0.10/turn               (no ring)

@: healing quickly
A: alive, fangs 3, see invisible, vampiric 2
a: Exsanguinate, Renounce Religion, Berserk


You were on level 2 of the Dungeon.
You worshipped Trog.
Trog was aware of your devotion.
You visited 1 branch of the dungeon, and saw 2 of its levels.

You collected 89 gold pieces.

Inventory:

Hand Weapons
 a - a +1 dagger (weapon)
Armour
 b - a +0 robe (worn)
 n - the +0 cloak of Ydilal (worn) {rF+ Stlth+}
   (You found it on level 2 of the Dungeon)

   rF:        It protects you from fire.
   Stlth:     It makes you more stealthy.
Jewellery
 i - an amulet of faith
 r - an amulet of guardian spirit
Scrolls
 e - 2 scrolls of identify {unknown}
 f - 2 scrolls of teleportation {unknown}
 l - a scroll of noise {unknown}
 p - a scroll of vulnerability {unknown}
 q - a scroll of summoning {unknown}
 s - a scroll of poison {unknown}
 t - a scroll of silence {unknown}
Potions
 c - 2 potions of invisibility
 d - 2 potions of curing {unknown}
 g - 2 potions of might {unknown}
 h - a potion of berserk rage {unknown}
 j - a potion of brilliance {unknown}
 k - a potion of lignification {unknown}
 m - a potion of resistance {unknown}
 o - a potion of haste {unknown}


   Skills:
 * Level 0.4 Fighting
 * Level 1.6 Short Blades
 * Level 2.5 Dodging
 + Level 5.0 Stealth
 - Level 2.2 Spellcasting
 - Level 5.3 Hexes


You had 4 spell levels left.
You knew the following spells:

 Your Spells              Type           Power      Damage    Failure   Level
a - Ensorcelled Hibernat  Hex/Ice        24%        N/A       9%          2

Your spell library contained the following spells:

 Spells                   Type           Power      Damage    Failure   Level
 Confusing Touch          Hex            22%        N/A       5%          3
 Tukima's Dance           Hex            22%        N/A       5%          3
 Dazzling Flash           Conj/Hex       24%        N/A       17%         3
 Scorch                   Fire           4%         2d5       26%         2
 Flame Wave               Conj/Fire      2%         2d4       86%         4
 Olgreb's Toxic Radiance  Pois           2%         N/A       86%         4
 Summon Cactus Giant      Summ           1%         N/A       100%        6
 Ozocubu's Refrigeration  Ice            1%         4d5       100%        7
 Ignition                 Fire           1%         3d3       100%        8


Dungeon Overview and Level Annotations

Branches:
Dungeon (2/15)

Altars:
Trog


Innate Abilities, Weirdness & Mutations

Your natural rate of healing is accelerated.
You have razor-sharp teeth.
You have supernaturally acute eyesight. (SInv)
You are afflicted with vampirism and can become a bat while bloodless.


Message History

a +0 club; a goblin corpse Unknown command.
No target in view!
Found a faded altar of an unknown god.
No target in view!
You now have 57 gold pieces (gained 11).
There is a faded altar of an unknown god here.
You now have 69 gold pieces (gained 12).
q - a scroll labelled JEATIDW KOQI No target in view!
r - an amulet of guardian spirit No target in view!
You now have 77 gold pieces (gained 8).
You now have 84 gold pieces (gained 7).
Key pressed, stopping explore.
No target in view!
No target in view!
No target in view!
No target in view!
There is a faded altar of an unknown god here.
You cannot tell which god this altar belongs to.
Convert to them anyway?
Trog accepts your prayer! Trog welcomes you!
You can now go berserk at will.
Unknown command.
Press < or > to pray at altars.
Things that are here:
a +0 club; a goblin corpse Key pressed, stopping explore.
Found a stone staircase leading up.
You now have 89 gold pieces (gained 5).
There is a stone staircase leading up here.
There is a stone staircase leading up here.
Key pressed, stopping explore.
Unknown command.
s - a scroll labelled JAROUK MALO
t - a scroll labelled BUXEMESOKA
Found 16 stones.
Unknown command.
Are you sure you want to abandon this character and quit the game? (Confirm with "yes".)

#.# ####.######
#.# #.#
#.........####.#
#.#
#.##.###.......#
#.# #.##.#
#..######
#.#####
####.##.# #..#
#.....#
#.......# #..#
#####.#
#.##.#### #..#
#.# #(##.# #..#
#.# #...@# #..#
#.# ###..# #..#
#.# #..######..#
#.# #..........#
#.# #.#######.##
#.# #. #.# #.#
#. #.# ###.## .#
####.# #....#
..##.#


There were no monsters in sight!

Vanquished Creatures
  A worm (D:2)
  2 dart slugs
  4 ball pythons
  An endoplasm (D:1)
  3 giant cockroaches (D:1)
  10 goblins
  A hobgoblin (D:1)
  3 quokkas
  3 bats (D:1)
  2 frilled lizards
  3 kobolds
  7 rats (D:1)
40 creatures vanquished.

Notes
Turn   | Place    | Note
-------+----------+-------------------------------------------
     0 | D:1      | Morbidden the Vampire Enchanter began the quest for the
                  | Orb.
     0 | D:1      | Reached XP level 1. HP: 13/13 MP: 3/3
     2 | D:1      | Noticed a troll
     2 | D:1      | Noticed a demigod
     4 | D:1      | Noticed an ogre
     4 | D:1      | Noticed a vampire
     6 | D:1      | Noticed a felid
     8 | D:1      | Noticed a vine stalker
    10 | D:1      | Noticed a formicid
    12 | D:1      | Noticed a spriggan
    12 | D:1      | Noticed a gargoyle
    14 | D:1      | Noticed a naga
    14 | D:1      | Noticed a dwarf
    16 | D:1      | Noticed a human
    16 | D:1      | Noticed a ghoul
    18 | D:1      | Noticed an elf
    20 | D:1      | Noticed a merfolk
    20 | D:1      | Noticed a minotaur
    22 | D:1      | Noticed a demonspawn
    22 | D:1      | Noticed a draconian
    24 | D:1      | Noticed a tengu
    26 | D:1      | Noticed an octopode
   129 | D:1      | Reached XP level 2. HP: 19/19 MP: 5/5
   132 | D:1      | Learned a level 2 spell: Ensorcelled Hibernation
   327 | D:1      | Reached skill level 5 in Hexes
   459 | D:1      | Gained mutation: You are afflicted with vampirism and can
                  | become a bat while bloodless. [Vampire growth]
   459 | D:1      | Reached XP level 3. HP: 16/25 MP: 3/6
   929 | D:2      | Identified the +0 cloak of Ydilal {rF+ Stlth+}
  1073 | D:2      | Reached skill level 5 in Stealth
  1157 | D:2      | Found a faded altar of an unknown god.
  1316 | D:2      | Prayed at the altar of an unknown god.
  1316 | D:2      | Became a worshipper of Trog the Wrathful
  1316 | D:2      | Reached * piety under Trog
  1582 | D:2      | Quit the game

Illustrated notes

Levels and vault maps discovered:
D:1:      kb_arrival_jail, layout_loops_ring, kennysheep_nondescript
D:2:      layout_loops_ring, basic_ecumenical_altar

Skill      XL: |  1  2  3 |
---------------+----------+-----
Hexes          | 5 |  5.3
Stealth        | 5 |  5.0
Fighting       | |  0.4
Short Blades   | |  1.6
Dodging        | |  2.5
Spellcasting   | |  2.2

Action                   || total
-------------------------++-------
Melee: Dagger            ||    89
       Bite              ||     7
       Punch             ||     1
 Cast: Ensorcelled Hiber ||     2
 Stab: Sleeping          ||    17
Armor: Robe              ||    17
Dodge: Dodged            ||    36

Table legend: (Time is in decaauts)
 A = Elapsed time spent in this place.
 B = Non-inter-level travel time spent in this place.
 C = Inter-level travel time spent in this place.
 D = Time resting spent in this place.
 E = Time spent auto-exploring this place.
 F = Levels seen in this place.
 G = Mean time per level.
                   A        B        C        D        E       F      G
               +--------+--------+--------+--------+--------+-----+--------+
         Total |   1575 |   1519 |     56 |      0 |   1222 |   2 |  787.5 |
       Dungeon |   1575 |   1519 |     56 |      0 |   1222 |   2 |  787.5 |
               +--------+--------+--------+--------+--------+-----+--------+

Top non-repeatable levels by time:
     D:1: 904 daAuts
     D:2: 670 daAuts
